 Dungeon Crawl Stone Soup version 0.29.1-15-g9cfb28693d (webtiles) character file.

Game seed: 12076072320191445834

9 Hugehornet the Shield-Bearer (level 1, 0/18 HPs)
             Began as a Demigod Fighter on Apr 1, 2023.
             Slain by a hobgoblin (3 damage)
             ... on level 1 of the Dungeon.
             The game lasted 00:01:51 (538 turns).

Hugehornet the Shield-Bearer (Demigod Fighter)       Turns: 538, Time: 00:01:51

Health: 0/18       AC:  6    Str: 17    XL:     1   Next: 93%
Magic:  3/3        EV:  8    Int: 10    God:
Gold:   15         SH:  4    Dex: 13    Spells: 0/0 levels left

rFire   . . .      SeeInvis .   a - +0 trident
rCold   . . .      Faith    .   c - +0 buckler
rNeg    . . .      Spirit   .   b - +0 scale mail
rPois   .          Reflect  .   (no helmet)
rElec   .          Harm     .   (no cloak)
rCorr   .          Rampage  .   (no gloves)
Will    .....                   (no boots)
Stlth   ..........              (no amulet)
HPRegen 0.06/turn               (no ring)
MPRegen 0.08/turn               (no ring)

@: no status effects
A: high MP 1, forlorn, divine attributes
a: no special abilities


You were on level 1 of the Dungeon.
You visited 1 branch of the dungeon, and saw 1 of its levels.

You collected 15 gold pieces.

Inventory:

Hand Weapons
 a - a +0 trident (weapon)
Armour
 b - a +0 scale mail (worn)
 c - a +0 buckler (worn)
 i - a +0 chain mail
Scrolls
 e - a scroll of fear {unknown}
 f - a scroll of identify {unknown}
 g - a scroll of torment {unknown}
 j - a scroll of amnesia {unknown}
Potions
 d - a potion of might
 h - a potion of heal wounds {unknown}


   Skills:
 - Level 2.6 Fighting
 + Level 2.5 Polearms
 - Level 2.6 Armour
 - Level 2.6 Shields


You couldn't memorise any spells.
You didn't know any spells.
Your spell library was empty.

Dungeon Overview and Level Annotations

Branches:
Dungeon (1/15)


Innate Abilities, Weirdness & Mutations

You have an increased reservoir of magic. (+10% MP)
You shall have no god before yourself.
Your divine heritage dramatically boosts your attributes as you level up.


Message History

Reach: a) +0 trident
Press: ? - help, Dir - move target, f - hobgoblin
Aim: a hobgoblin (about 43% to evade your +0 trident)
You hit the hobgoblin but do no damage. The hobgoblin hits you.
* * * LOW HITPOINT WARNING * * *
The hobgoblin barely misses you.
Reach: a) +0 trident
Press: ? - help, Dir - move target, f/p - hobgoblin
Aim: a hobgoblin (about 43% to evade your +0 trident)
You hit the hobgoblin but do no damage. You block the hobgoblin's attack.
Unknown command.
Reach: a) +0 trident
Press: ? - help, Dir - move target, f/p - hobgoblin
Aim: a hobgoblin (about 43% to evade your +0 trident)
You hit the hobgoblin.
The hobgoblin is moderately wounded.
The hobgoblin closely misses you.
Unknown command.
Reach: a) +0 trident
Press: ? - help, Dir - move target, f/p - hobgoblin
Aim: a hobgoblin (moderately wounded, about 43% to evade your +0 trident)
You closely miss the hobgoblin.
The hobgoblin is moderately wounded.
The hobgoblin hits you but does no damage.
Unknown command.
Reach: a) +0 trident
Press: ? - help, Dir - move target, f/p - hobgoblin
Aim: a hobgoblin (moderately wounded, about 43% to evade your +0 trident)
You hit the hobgoblin but do no damage.
The hobgoblin is moderately wounded.
The hobgoblin hits you.
* * * LOW HITPOINT WARNING * * *
The hobgoblin hits you but does no damage.
You hit the hobgoblin but do no damage.
The hobgoblin is moderately wounded.
The hobgoblin barely misses you.
You hit the hobgoblin.
The hobgoblin is heavily wounded.
The hobgoblin hits you.
You die...

#~#<~'..# #...###.# #...#
#~~~~#..# ####.#.###.# #...#
#~##≈#..# #.......##.########
#
#~~≈≈#..####)##.#..##.##.....#
#
######..........#..##.##.....#
#
................#..##........#
#
........B.B....##..#####.....#
# #####...####B####..# #.....#
# #...# #bJg@...# ####### #
#..B# ######.## ### #...# #.#
##.# #...## #.# ##.#. #....#
#.# ##.### ......###...#
#.##### ##.#### #.##.# #..#
#.....# #.###.. ... ..#
#####.#####.##.# .#.. .#
#..........#


You could see an endoplasm, a giant cockroach, a hobgoblin and a bat.

Vanquished Creatures
  A dart slug (D:1)
  A ball python (D:1)
  A bat (D:1)
  2 endoplasms (D:1)
  A goblin (D:1)
6 creatures vanquished.

Notes
Turn   | Place    | Note
-------+----------+-------------------------------------------
     0 | D:1      | Hugehornet the Demigod Fighter began the quest for the Orb.
     0 | D:1      | Reached XP level 1. HP: 18/18 MP: 3/3
   538 | D:1      | Slain by a hobgoblin

Illustrated notes

Levels and vault maps discovered:
D:1:      ncdulo_wetmaze, layout_loops_cross,
          shapermc_ecumenical_altar_mp_vishouse

Skill      XL: |  1 |
---------------+----+-----
Polearms       | 2 |  2.5
Fighting       | |  2.6
Armour         | |  2.6
Shields        | |  2.6

Action                   || total
-------------------------++-------
Melee: Trident           ||    32
Armor: Scale mail        ||    15
Dodge: Dodged            ||    23
Block: Buckler           ||    11
